 Dungeon Crawl Stone Soup version 0.20.1-1-g8b1a95d (webtiles) character file.

317 gobwax the Firebug (level 6, -1/39 HPs)
             Began as an Octopode Fire Elementalist on Aug 25, 2017.
             Slain by a bullfrog skeleton (5 damage)
             ... on level 5 of the Dungeon.
             The game lasted 00:11:23 (3604 turns).

gobwax the Firebug (Octopode Fire Elementalist)     Turns: 3604, Time: 00:11:24

Health: -1/39      AC:  1    Str:  8    XL:     6   Next: 45%
Magic:  6/11       EV: 13    Int: 21    God:
Gold:   188        SH:  4    Dex: 12    Spells: 1/11 levels left

rFire    . . .     SeeInvis .   g - +2 dagger (venom)
rCold    . . .     Gourm    .   (no shield)
rNeg     . . .     Faith    .   (helmet restricted)
rPois    .         Spirit   .   (no amulet)
rElec    .         Reflect  .   (no ring)
rCorr    .         Harm     .   (no ring)
MR       .....                  (no ring)
Stlth    +++.......             (no ring)
Regen    0.2/turn               (no ring)
MPRegen  0.2/turn               (no ring)
                                (no ring)
                                (no ring)

@: no status effects
A: almost no armour, stealthy swim, amphibious, 8 rings, constrict 8, large bone
plates 1, camouflage 1, clever 1, robust 1, wild magic 1, gelatinous body 1
a: no special abilities


You were on level 5 of the Dungeon.
You were hungry.

You visited 1 branch of the dungeon, and saw 5 of its levels.

You collected 188 gold pieces.

Inventory:

Hand Weapons
 g - a +2 dagger of venom (weapon)
Wands
 t - a wand of iceblast (6/15)
Scrolls
 c - 4 scrolls of remove curse
 f - a scroll of blinking {unknown}
 i - 2 scrolls of teleportation {unknown}
 j - 2 scrolls of magic mapping {unknown}
 l - 2 scrolls of identify {unknown}
 p - 2 scrolls of random uselessness {unknown}
Potions
 e - a potion of mutation
 h - a potion of agility {unknown}
 k - a potion of curing {unknown}
 m - 2 potions of heal wounds {unknown}
 n - a potion of might {unknown}
 r - a potion of flight {unknown}
 u - a potion of degeneration {unknown}
Books
 a - a book of Flames

   Spells                             Type                      Level
   a - Flame Tongue                   Conjuration/Fire             1
   b - Throw Flame                    Conjuration/Fire             2
   c - Conjure Flame                  Conjuration/Fire             3
   d - Inner Flame                    Hexes/Fire                   3
   e - Sticky Flame                   Conjuration/Fire             4
   f - Fireball                       Conjuration/Fire             5
 d - a book of Callings

   Spells                             Type                      Level
   a - Summon Small Mammal            Summoning                    1
   b - Call Imp                       Summoning                    2
   c - Call Canine Familiar           Summoning                    3
   d - Summon Guardian Golem          Hexes/Summoning              3
   e - Summon Lightning Spire         Summoning/Air                4
   f - Summon Ice Beast               Ice/Summoning                4
Comestibles
 b - 2 bread rations
 o - a meat ration
 q - 2 royal jellies
 s - a fruit


   Skills:
 - Level 2.0 Dodging
 - Level 2.6 Stealth
 + Level 3.3 Spellcasting
 * Level 2.8 Conjurations
 + Level 5.6 Fire Magic


You had one spell level left.
You knew the following spells:

 Your Spells              Type           Power        Failure   Level  Hunger
a - Flame Tongue          Conj/Fire      ####.        4%          1    None
b - Throw Flame           Conj/Fire      ####..       5%          2    ##.....
c - Conjure Flame         Conj/Fire      ####....     11%         3    ###....
d - Sticky Flame          Conj/Fire      ####....     30%         4    ####...


Dungeon Overview and Level Annotations

Branches:
Dungeon (5/15)
 Temple: D:4-7

Altars:

Annotations:
D:3 NorthaanB's ghost, amateur TeAE


Innate Abilities, Weirdness & Mutations

You cannot wear most types of armour.
You are very stealthy in the water. (Stealth+)
You are amphibious.
You can wear up to eight rings at the same time.
You can use your tentacles to constrict eight enemies at once.
Your skin changes colour to match your surroundings (Stealth+).
Your rubbery body absorbs attacks. (AC +1, EV +1)
You are partially covered in large bone plates. (SH +4)
Your mind is acute. (Int +2)
You are robust. (+10% HP)
Your spells are a little harder to cast, but a little more powerful.


Message History

An iguana, 3 orcs and an ogre come into view.
The ogre shouts!
The iguana hisses angrily.
The orc shouts! x2
You hear a shout!
Found a blackened sapphire ring, a flail and a scroll labeled HEUMUN XAYPS.
There is a stone staircase leading up here.
A bullfrog skeleton comes into view.
Casting: Sticky Flame
Confirm with . or Enter, or press ? or * to list all spells.
Aiming: Conjure Flame
Press: ? - help, Dir - move target cursor The fire ignites!
Casting: Conjure Flame
Confirm with . or Enter, or press ? or * to list all spells.
Aiming: Conjure Flame
Press: ? - help, Dir - move target cursor, f - you Sorry, you can't target yourself.
Okay, then.
You block the bullfrog skeleton's attack.
The bullfrog skeleton hits you.
You die...

.# .# .# .#
.# .#######.#
.........#
#@.# #Z.#
#####.##
#......######
#.###........
#.#######
#l#### #o#..
#.#.#


You could see an iguana, an orc and a bullfrog skeleton.

Vanquished Creatures
  A centaur (D:4)
  An orc priest (D:4)
  An iguana (D:4)
  2 orc wizards (D:4)
  A worker ant (D:4)
  2 adders
  An ooze (D:3)
  3 worms
  A dart slug (D:1)
  A leopard gecko (D:4)
  3 orcs (D:4)
  3 giant cockroaches
  7 goblins
  7 hobgoblins
  10 jackals
  A quokka (D:3)
  4 ball pythons (D:3)
  5 bats
  9 frilled lizards
  8 kobolds
  7 rats
78 creatures vanquished.

Notes
Turn   | Place    | Note
-------+----------+-------------------------------------------
     0 | D:1      | gobwax the Octopode Fire Elementalist began the quest for the Orb.
     0 | D:1      | Reached XP level 1. HP: 11/11 MP: 3/3
   118 | D:1      | Reached XP level 2. HP: 16/17 MP: 0/5
   395 | D:1      | Reached XP level 3. HP: 13/21 MP: 3/6
  1066 | D:2      | Reached skill level 4 in Fire Magic
  1367 | D:2      | Reached XP level 4. HP: 21/27 MP: 7/7
  2329 | D:3      | Noticed NorthaanB's ghost (amateur TeAE)
  2657 | D:3      | Learned a level 2 spell: Throw Flame
  3170 | D:4      | Noticed a centaur
  3179 | D:4      | Killed a centaur
  3179 | D:4      | Reached skill level 5 in Fire Magic
  3179 | D:4      | Reached XP level 5. HP: 31/31 MP: 9/9
  3185 | D:4      | Learned a level 3 spell: Conjure Flame
  3190 | D:4      | Learned a level 4 spell: Sticky Flame
  3260 | D:4      | Reached XP level 6. HP: 36/36 MP: 5/10
  3545 | D:4      | Gained mutation: Your spells are a little harder to cast, but a little more powerful. [potion of mutation]
  3545 | D:4      | Gained mutation: You are partially covered in large bone plates. (SH +4) [potion of mutation]
  3545 | D:4      | Gained mutation: You are robust. (+10% HP) [potion of mutation]
  3545 | D:4      | Gained mutation: Your mind is acute. (Int +2) [potion of mutation]
  3576 | D:4      | HP: 1/39 [iguana (6)]
  3586 | D:5      | Entered Level 5 of the Dungeon
  3604 | D:5      | Slain by a bullfrog skeleton

Skill      XL: |  1  2  3  4 |
---------------+-------------+-----
Fire Magic     | 4 5 |  5.6
Spellcasting   | 3 |  3.3
Conjurations   | 2 |  2.8
Dodging        | |  2.0
Stealth        | |  2.6

Action                   |  1- 3 |  4- 6 || total
-------------------------+-------+-------++-------
Melee: Unarmed           |     9 |       ||     9
       Constrict         |    20 |    18 ||    38
       Tentacles         |    12 |    13 ||    25
       Dagger            |    59 |    75 ||   134
 Cast: Flame Tongue      |    15 |    15 ||    30
       Conjure Flame     |       |     1 ||     1
       Sticky Flame      |       |     1 ||     1
  Use: Scroll            |       |     2 ||     2
       Potion            |       |     1 ||     1
 Stab: Sleeping          |     6 |    12 ||    18
  Eat: Chunk             |     2 |     6 ||     8
Armor: Skin              |     5 |     2 ||     7
Dodge: Dodged            |    48 |    45 ||    93
Block: Other             |       |     1 ||     1
